 Dungeon Crawl Stone Soup version 0.25-a0-565-g8875c97ebb (webtiles) character file.

Game seed: 12447042167870402995, levelgen mode: deterministic

1852 Flugslaktarn the Chopper (level 8, -3/74 HPs)
             Began as a Deep Dwarf Fighter on Feb 26, 2020.
             Was a Believer of Makhleb.
             Slain by a two-headed ogre
             ... wielding a +0 giant spiked club
              (19 damage)
             ... on level 8 of the Dungeon.
             The game lasted 00:02:38 (3875 turns).

Flugslaktarn the Chopper (Deep Dwarf Fighter)       Turns: 3875, Time: 00:02:38

Health: -3/74      AC:  8    Str: 25    XL:     8   Next: 88%
Magic:  9/9        EV:  6    Int: 10    God:    Makhleb [**....]
Gold:   332        SH: 16    Dex: 12    Spells: 7/7 levels left

rFire    . . .     SeeInvis .   u - +0 war axe (elec)
rCold    . . .     Gourm    .   m - +0 tower shield
rNeg     . . .     Faith    .   b - +0 scale mail
rPois    .         Spirit   .   (no helmet)
rElec    .         Reflect  .   (no cloak)
rCorr    .         Harm     .   (no gloves)
MR       +....                  t - +0 pair of boots
Stlth    ..........             r - amulet of the acrobat
HPRegen  0.00/turn              g - +4 ring of strength
MPRegen  0.11/turn              (no ring)

@: non-regenerating
A: damage resistance, heal wounds, sense surroundings 1, no regeneration
a: Heal Wounds, Minor Destruction, Renounce Religion


You were on level 8 of the Dungeon.
You worshipped Makhleb.
Makhleb was pleased with you.
You were not hungry.

You visited 1 branch of the dungeon, and saw 8 of its levels.

You collected 332 gold pieces.

Inventory:

Hand Weapons
 a - a +0 war axe
 u - a +0 war axe of electrocution (weapon)
   (You found it on level 4 of the Dungeon)
Armour
 b - a +0 scale mail (worn)
 m - a +0 tower shield (worn)
   (You found it on level 2 of the Dungeon)
 t - a +0 pair of boots (worn)
   (You found it on level 4 of the Dungeon)
Jewellery
 g - a +4 ring of strength (left hand)
   (You found it on level 1 of the Dungeon)
 r - an amulet of the acrobat (around neck)
   (You found it on level 3 of the Dungeon)
 w - an uncursed ring of see invisible {unknown}
   (You found it on level 5 of the Dungeon)
Wands
 n - a wand of iceblast (9)
   (You found it on level 2 of the Dungeon)
Scrolls
 c - 2 scrolls of fear {unknown}
 f - 5 scrolls of remove curse {unknown}
 h - 3 scrolls of blinking {unknown}
 i - 6 scrolls of identify {unknown}
 k - a scroll of immolation {unknown}
 p - 4 scrolls of teleportation {unknown}
 v - 2 scrolls of magic mapping {unknown}
 y - a scroll of enchant armour {unknown}
Potions
 d - 2 potions of might
 j - a potion of berserk rage {unknown}
 l - 4 potions of curing {unknown}
 o - 3 potions of stabbing {unknown}
 q - 2 potions of brilliance {unknown}
 s - a potion of invisibility {unknown}
 x - a potion of flight {unknown}
 z - a potion of mutation {unknown}
 B - a potion of lignification {unknown}
Comestibles
 e - 20 rations
 A - 7 chunks of flesh


   Skills:
 + Level 5.1 Fighting
 * Level 7.7 Axes
 + Level 6.1 Armour
 + Level 6.1 Shields
 + Level 5.6 Invocations


You had 7 spell levels left.
You didn't know any spells.
Your spell library was empty.

Dungeon Overview and Level Annotations

Branches:
Dungeon (8/15)             Temple (0/1) D:6
   Lair: D:8-11

Altars:
Ashenzari
Cheibriados
Fedhas
Makhleb
Nemelex Xobeh
Trog
Yredelemnul

Shops:
D:5 [

Annotations:
D:4 1 runed translucent door, Esekla's ghost, amateur DEWz
D:7 3 runed translucent doors, FrozenTrovador's ghost, novice MfSu; Wiebster667's ghost, novice GnFi


Innate Abilities, Weirdness & Mutations

You are resistant to damage.
You can heal yourself by infusing magical energy.
You passively map a small area around you.
You do not regenerate.


Message History

You hear a shout!
You block the two-headed ogre's attack.
The two-headed ogre hits you with a +0 giant club!
The wyvern closely misses you.
You barely miss the wyvern.
The wyvern is severely wounded.
Your shield and scale mail prevent you from hitting the two-headed ogre.
The wyvern bites you. You block the wyvern's attack.
The two-headed ogre hits you with a +0 giant spiked club!
You block the two-headed ogre's attack.
An orc priest comes into view. It is wielding a +0 hand axe.
You barely miss the wyvern.
The wyvern is severely wounded.
You barely miss the two-headed ogre. You hit the orc wizard.
You block the wyvern's attack.
The orc wizard hits you but does no damage.
The two-headed ogre hits you with a +0 giant spiked club!!
* * * LOW HITPOINT WARNING * * *
The two-headed ogre hits you with a +0 giant club!!
You die...

* ,#*#...# #..## * *
...#.#...##....###
.......<..#......#
..........##.....# ,
..##.#....#......##.
####............. ,
*#................,
.............##..
*###.......@O##,,,,
* *#.......lo#*, ,
............. ,
#.##........... ..
#...?.....o... , , ,
#.............
##............ * ,
*#...........o , * ,
,


You could see a two-headed ogre, a wyvern, an orc priest, an orc wizard and an
orc.

Vanquished Creatures
  A spriggan (D:7)
  3 orc warriors
  An ice beast (D:7)
  2 phantoms
  2 ogres
  2 centaurs
  2 howler monkeys (D:5)
  A centaur zombie (D:6)
  3 crimson imps
  4 hounds
  An orc priest (D:5)
  A centaur skeleton (D:5)
  5 orc wizards
  2 iguanas
  3 worker ants
  A hound skeleton (D:6)
  4 gnolls (D:3)
  3 adders
  A shadow imp (D:8)
  An adder zombie (D:5)
  3 worms
  2 dart slugs
  5 leopard geckos
  15 orcs
  3 ball pythons
  5 giant cockroaches
  2 goblins
  6 hobgoblins
  2 jackals (D:4)
  3 quokkas
  3 bats
  2 frilled lizards (D:2)
  3 kobolds
  A leopard gecko skeleton (D:4)
  A leopard gecko zombie (D:5)
  9 rats
108 creatures vanquished.

Notes
Turn   | Place    | Note
-------+----------+-------------------------------------------
     0 | D:1      | Flugslaktarn the Deep Dwarf Fighter began the quest for the
                  | Orb.
     0 | D:1      | Reached XP level 1. HP: 20/20 MP: 1/1
   212 | D:2      | Found a snail-covered altar of Cheibriados.
   227 | D:2      | Reached XP level 2. HP: 27/27 MP: 2/2
   544 | D:2      | Reached skill level 3 in Axes
   548 | D:2      | Reached XP level 3. HP: 32/34 MP: 3/3
   882 | D:2      | Found a burning altar of Makhleb.
   884 | D:2      | Found a shattered altar of Ashenzari.
   884 | D:2      | Found a sparkling altar of Nemelex Xobeh.
   890 | D:2      | Became a worshipper of Makhleb the Destroyer
  1016 | D:3      | Reached XP level 4. HP: 29/42 MP: 4/4
  1070 | D:3      | Reached skill level 1 in Invocations
  1345 | D:4      | Reached XP level 5. HP: 38/49 MP: 5/5
  1394 | D:4      | Reached * piety under Makhleb
  1394 | D:4      | Reached skill level 4 in Axes
  1418 | D:4      | Found a runed translucent door.
  1418 | D:4      | Noticed Esekla's ghost (amateur DEWz)
  1901 | D:4      | Noticed a phantom
  1931 | D:4      | Noticed an ogre
  1938 | D:4      | Killed an ogre
  1938 | D:4      | Reached XP level 6. HP: 31/56 MP: 7/7
  2141 | D:5      | Entered Level 5 of the Dungeon
  2142 | D:5      | Found Fomae's Armour Shoppe.
  2189 | D:5      | Reached skill level 5 in Axes
  2193 | D:5      | Reached XP level 7. HP: 63/63 MP: 8/8
  2240 | D:5      | Found a basalt altar of Yredelemnul.
  2248 | D:5      | Reached skill level 5 in Armour
  2305 | D:5      | Reached skill level 5 in Shields
  2370 | D:5      | Found a blossoming altar of Fedhas.
  2435 | D:5      | Reached skill level 6 in Axes
  2730 | D:6      | Found a staircase to the Ecumenical Temple.
  2879 | D:6      | Reached XP level 8. HP: 73/73 MP: 9/9
  2986 | D:7      | Found a blossoming altar of Fedhas.
  3095 | D:7      | Reached ** piety under Makhleb
  3209 | D:7      | Found a runed translucent gate.
  3209 | D:7      | Found a runed translucent gate.
  3209 | D:7      | Found a runed translucent gate.
  3209 | D:7      | Noticed FrozenTrovador's ghost (novice MfSu)
  3210 | D:7      | Noticed Wiebster667's ghost (novice GnFi)
  3291 | D:7      | Reached skill level 7 in Axes
  3291 | D:7      | Reached skill level 5 in Invocations
  3387 | D:7      | Noticed a moth of wrath
  3390 | D:7      | Found a bloodstained altar of Trog.
  3731 | D:7      | Reached skill level 5 in Fighting
  3868 | D:8      | Noticed a two-headed ogre
  3875 | D:8      | Slain by a two-headed ogre

Levels and vault maps discovered:
D:1:      zelgadis_glass_arrival_small, layout_basic
D:2:      layout_basic, nicolae_overflow_crystal_walls,
          chequers_temple_overflow_statue_of_worship
D:3:      layout_basic, lightli_corner_chamber
D:4:      layout_loops_corners, gammafunk_ghost_grave, first_ration
D:5:      layout_rooms, lemuel_coloured_pillars_altar, serial_shops, shop,
          grunt_decor_cap, yredelemnul_altar_generic
D:6:      layout_basic, minmay_temple_entry_ruins, st_stairs_3
D:7:      layout_gridville, basic_altar, gammafunk_ghost_cemetery, the_bakery,
          tgw_trog
D:8:      layout_cave_pools, elyvilon_altar_5, old_standard_altar

Skill      XL: |  1  2  3  4  5  6  7  8 |
---------------+-------------------------+-----
Axes           | 3 4 5 6 7 |  7.7
Fighting       | 3 4 5 |  5.1
Invocations    | 1 2 3 4 5 |  5.6
Armour         | 4 5 6 |  6.1
Shields        | 4 5 6 |  6.1

Action                   |  1- 3 |  4- 6 |  7- 9 || total
-------------------------+-------+-------+-------++-------
Melee: War axe           |    99 |    97 |   148 ||   344
 Abil: Heal Wounds       |     1 |     3 |     3 ||     7
  Eat: Chunk             |     1 |     3 |     6 ||    10
Armor: Scale mail        |    43 |    34 |    39 ||   116
Dodge: Dodged            |    26 |    21 |    28 ||    75
Block: Kite shield       |    14 |       |       ||    14
       Tower shield      |    63 |    68 |   114 ||   245

Table legend:
 A = Non-vault XP
 B = Vault XP
 C = Vault XP percentage of total XP
 D = Non-vault monster count
 E = Vault monster count
 F = Vault count percentage of total count
                 A         B        C        D         E       F
            +---------+---------+-------+---------+---------+-------
      Total |    2367 |     279 |  10.5 |     101 |       7 |   6.5
            +---------+---------+-------+---------+---------+-------
        D:1 |       2 |       0 |   0.0 |       2 |       0 |   0.0
        D:2 |      73 |       0 |   0.0 |      26 |       0 |   0.0
        D:3 |     116 |       0 |   0.0 |      16 |       0 |   0.0
        D:4 |     377 |       0 |   0.0 |      13 |       0 |   0.0
        D:5 |     741 |       0 |   0.0 |      18 |       0 |   0.0
        D:6 |     109 |      50 |  31.4 |       5 |       1 |  16.7
        D:7 |     862 |     229 |  21.0 |      18 |       6 |  25.0
        D:8 |      87 |       0 |   0.0 |       3 |       0 |   0.0
            +---------+---------+-------+---------+---------+-------
